 Dungeon Crawl Stone Soup version 0.28-a0-413-gde365fb1df (webtiles) character file.

Game seed: 3798589203646523657

129 wakim the Conjurer (level 5, -1/28 HPs)
             Began as a Tengu Conjurer on Sept 7, 2021.
             Slain by a dart slug (2 damage)
             ... on level 3 of the Dungeon.
             The game lasted 00:07:07 (2980 turns).

wakim the Conjurer (Tengu Conjurer)                 Turns: 2980, Time: 00:07:08

Health: -1/28      AC:  3    Str:  8    XL:     5   Next: 12%
Magic:  6/10       EV: 14    Int: 19    God:
Gold:   113        SH:  0    Dex: 12    Spells: 7/10 levels left

rFire   . . .      SeeInvis .   a - +3 short sword (venom)
rCold   . . .      Faith    .   (no shield)
rNeg    . . .      Spirit   .   i - +0 robe
rPois   .          Reflect  .   (helmet restricted)
rElec   .          Harm     .   (no cloak)
rCorr   .          Rampage  .   j - +0 pair of gloves
Will    .....                   (boots unavailable)
Stlth   ++........              (no amulet)
HPRegen 0.09/turn               (no ring)
MPRegen 0.12/turn               (no ring)

@: flying quickly and evasively, quick
A: beak, talons 3, nimble flight
a: no special abilities


You were on level 3 of the Dungeon.
You visited 1 branch of the dungeon, and saw 3 of its levels.

You collected 113 gold pieces.

Inventory:

Hand Weapons
 a - a +3 short sword of venom (weapon)
 b - a +2 dagger of freezing
Armour
 g - a +0 kite shield
 i - a +0 robe (worn)
 j - a +0 pair of gloves (worn)
Scrolls
 r - 2 scrolls of identify
 T - 3 scrolls of teleportation
Potions
 B - 2 potions of attraction {!q}
 C - 2 potions of berserk rage {!q}
 F - 3 potions of curing
 H - a potion of haste


   Skills:
 - Level 2.1 Dodging
 - Level 2.0 Stealth
 + Level 3.1 Spellcasting
 * Level 7.4 Conjurations


You had 7 spell levels left.
You knew the following spells:

 Your Spells              Type           Power      Damage    Failure   Level
a - Magic Dart            Conj           100%       1d8       1%          1
s - Searing Ray           Conj           62%        2d6       1%          2

Your spell library contained the following spells:

 Spells                   Type           Power      Damage    Failure   Level
 Dazzling Flash           Conj/Hex       34%        N/A       10%         3
 Fulminant Prism          Conj/Hex       8%         3d7       32%         4
 Iskenderun's Mystic Bla  Conj/Tloc      17%        2d5       32%         4


Dungeon Overview and Level Annotations

Branches:
Dungeon (3/15)

Altars:

Annotations:
D:3 Grinder


Innate Abilities, Weirdness & Mutations

You have a beak for a mouth.
You have claws for feet.
Your magical nature lets you fly swiftly and evasively.


Message History

Crazy Yiuf laughs, "Goober sow tired!"
Crazy Yiuf says, "Cards!"
Crazy Yiuf grits, "Candle!"
Crazy Yiuf says, "Action Orb Guardian infinity!"
Crazy Yiuf screams, "Gum disdain tea!"
Crazy Yiuf whimpers, "Cod forty-two toodlewoodle!"
Crazy Yiuf says, "Crazy?
Crazy!?
PORCUPINE!"
Crazy Yiuf says, "Crazy?
Crazy!?
PORCUPINE!"
Crazy Yiuf cries, "Ten poople childish!"
Crazy Yiuf laughs, "Walk mumblescurry green!"
Crazy Yiuf grits, "Lugonu rumpyflump canine!"
Crazy Yiuf glowers.
Crazy Yiuf yells, "Whippet Xom fast!"
Crazy Yiuf yells, "Mugger!"
There is an open door here.
You see here a rat skeleton.
You see here a ball python skeleton.
Crazy Yiuf cries, "You leg down broken song, no?"
There is an open door here.
A dart slug comes into view.
Crazy Yiuf says, "Cards hand eyeball!"
Casting: Searing Ray (safe; 1% risk of failure)
Confirm with . or Enter, or press ? or * to list all spells.
Aiming: Searing Ray (safe; 1% risk of failure)
Press: ? - help, Shift-Dir - straight line, f/p - Crazy Yiuf
Aim: Crazy Yiuf, wielding a +2 quarterstaff of chaos and wearing a +0 cloak (82% to hit)
The searing ray hits Crazy Yiuf!
Crazy Yiuf is heavily wounded. (Press . to maintain the ray.) Crazy Yiuf hits you with a +2 quarterstaff of chaos!
Ouch! That really hurt!
* * * LOW HITPOINT WARNING * * *
The searing ray hits Crazy Yiuf!
You kill Crazy Yiuf!
You have reached level 5!
Your magical nature develops, letting you fly swiftly and evasively.
You hit the dart slug. You claw the dart slug.
The dart slug is heavily wounded.
The dart slug bites you.
You die...

......#.....##...###..###.#*,,.#
###...#.....##...#.....##.#*,..#
################.#.#.##.##...#
#.###.##......# ####### #.#
#.##......# #.....# #.#
#.........#* ####.....# #.#
#.........#, ###........#####.#
#.....#####, #............w@).#
#_....#..,,, ###.#.......########
#.....#...., ..#.#.....).####
#.....#....# ..#.#...†..#...#
##.#+##....# ..#.########.#.#
#..,*#....# ..+.#........#.#
*#,,*#....# ..####.#######.#
#.,****#.. ........#......#
*****#.#####..
....##..#.##########,,,.#>.......


You could see a dart slug.

Vanquished Creatures
  Crazy Yiuf (D:3)
  Robin (D:2)
  2 adders
  A worm (D:3)
  A dart slug (D:1)
  3 giant cockroaches
  16 goblins
  2 hobgoblins (D:1)
  4 jackals (D:1)
  3 quokkas
  12 ball pythons
  4 bats
  2 frilled lizards (D:1)
  5 kobolds
  5 rats
62 creatures vanquished.

Notes
Turn   | Place    | Note
-------+----------+-------------------------------------------
     0 | D:1      | wakim the Tengu Conjurer began the quest for the Orb.
     0 | D:1      | Reached XP level 1. HP: 10/10 MP: 4/4
   272 | D:1      | Reached XP level 2. HP: 15/15 MP: 4/6
   277 | D:1      | Learned a level 2 spell: Searing Ray
   413 | D:1      | Reached skill level 6 in Conjurations
   641 | D:1      | Reached XP level 3. HP: 17/19 MP: 2/7
  1466 | D:2      | Noticed Robin
  1500 | D:2      | Killed Robin
  1501 | D:2      | Reached XP level 4. HP: 23/24 MP: 3/9
  2288 | D:3      | Noticed Grinder
  2393 | D:3      | Reached skill level 7 in Conjurations
  2619 | D:3      | Found a faded altar of an unknown god.
  2861 | D:3      | Found a runed translucent door.
  2862 | D:3      | Noticed Crazy Yiuf
  2978 | D:3      | HP: 1/24 [Crazy Yiuf (13)]
  2979 | D:3      | Killed Crazy Yiuf
  2980 | D:3      | Gained mutation: Your magical nature lets you fly swiftly
                  | and evasively. [Tengu growth]
  2980 | D:3      | Reached XP level 5. HP: 1/28 MP: 6/10
  2980 | D:3      | Slain by a dart slug

Illustrated notes

Levels and vault maps discovered:
D:1:      evilmike_arrival_rings, layout_basic, chequers_decorated_corner
D:2:      layout_basic, uniq_robin
D:3:      layout_basic, basic_ecumenical_altar, saegor_snake_ambush,
          uniq_grinder, uniq_crazy_yiuf_cottage

Skill      XL: |  1  2  3  4 |
---------------+-------------+-----
Conjurations   | 6 7 |  7.4
Spellcasting   | 3 |  3.1
Dodging        | |  2.1
Stealth        | |  2.0

Action                   |  1- 3 |  4- 6 || total
-------------------------+-------+-------++-------
Melee: Dagger            |     6 |       ||     6
       Kick              |     2 |     2 ||     4
       Short sword       |     5 |     7 ||    12
       Peck              |     1 |     1 ||     2
 Cast: Magic Dart        |    11 |       ||    11
       Searing Ray       |    23 |    17 ||    40
  Use: Scroll            |       |     7 ||     7
Armor: Robe              |     1 |       ||     1
Dodge: Dodged            |    22 |     9 ||    31

Table legend: (Time is in decaauts)
 A = Elapsed time spent in this place.
 B = Non-inter-level travel time spent in this place.
 C = Inter-level travel time spent in this place.
 D = Time resting spent in this place.
 E = Time spent auto-exploring this place.
 F = Levels seen in this place.
 G = Mean time per level.
                   A        B        C        D        E       F      G
               +--------+--------+--------+--------+--------+-----+--------+
         Total |   2981 |   2799 |    182 |      0 |   2276 |   3 |  993.7 |
       Dungeon |   2981 |   2799 |    182 |      0 |   2276 |   3 |  993.7 |
               +--------+--------+--------+--------+--------+-----+--------+

Top non-repeatable levels by time:
     D:1: 1225 daAuts
     D:2: 1115 daAuts
     D:3: 641 daAuts
